 Dungeon Crawl Stone Soup version 0.30-a0-737-gf23d94013f (webtiles) character file.

Game seed: 18390935334030483456

10089 mdonais the Carver (level 11, -4/90 (99) HPs)
             Began as a Green Draconian Reaver on Jan 29, 2023.
             Was a High Priest of Sif Muna.
             Slain by Josephine
             ... wielding a +0 dagger
              (7 damage)
             ... on level 10 of the Dungeon on Feb 2, 2023.
             The game lasted 00:37:41 (10972 turns).

mdonais the Carver (Green Draconian Reaver)        Turns: 10972, Time: 00:37:42

HP:   -4/90 (99)    AC:  8    Str: 14    XL:     11   Next: 31%
MP:   17/17         EV: 15    Int: 13    God:    Sif Muna [*****.]
Gold: 679           SH:  0    Dex: 13    Spells: 3/18 levels left

rFire   . . .      SeeInvis .    n - +4 great sword (holy)
rCold   . . .      Faith    .    (shield currently unavailable)
rNeg    . . .      Spirit   .    (body armour unavailable)
rPois   +          Reflect  .    (helmet restricted)
rElec   .          Harm     .    G - scarf {+Inv}
rCorr   .          Rampage  .    k - +0 pair of gloves
Will    .....      Rage     3%   (no boots)
Stlth   +                        b - amulet of magic regeneration
HPRegen 0.35/turn                e - ring of flight
MPRegen 0.55/turn                E - ring of wizardry

@: about to teleport, short of breath, flying, slowed, drained, very slow
A: breathe noxious fumes, AC +7, unfitting armour, poison resistance,
cold-blooded, hooves 1, berserk 1, dopey 1, sense surroundings 1
a: Breathe Noxious Fumes, Renounce Religion, Evoke Invisibility, Channel Magic,
Forget Spell, Divine Exegesis


You were on level 10 of the Dungeon.
You worshipped Sif Muna.
Sif Muna was extremely pleased with you.
You visited 1 branch of the dungeon, and saw 10 of its levels.
You also visited: Sewer, Ossuary and Bailey.

You collected 685 gold pieces.
You spent 6 gold pieces at shops.

Inventory:

Hand Weapons
 n - a +4 great sword of holy wrath (weapon)
   (You found it on level 3 of the Dungeon)
 y - a +2 long sword of freezing
   (You took it off a wight on level 6 of the Dungeon)
 C - a +0 shortbow
   (You took it off a centaur on level 8 of the Dungeon)
 J - a +3 vampiric broad axe
   (You took it off Urug on level 10 of the Dungeon)
Missiles
 h - 20 poisoned darts
 t - 12 boomerangs (quivered)
 v - 6 javelins
 Z - 4 throwing nets {=!f}
Armour
 k - a +0 pair of gloves (worn)
   (You found it on level 7 of the Dungeon)
 G - a scarf of invisibility (worn)
   (You found it on level 8 of the Dungeon)
Magical Staves
 u - a staff of cold
   (You found it on level 5 of the Dungeon)
Jewellery
 b - an amulet of magic regeneration (around neck)
   (You found it on level 6 of the Dungeon)
 e - a ring of flight (left hand)
   (You found it on level 2 of the Dungeon)
 w - a ring of ice
   (You took it off an orc on level 5 of the Dungeon)
 E - a ring of wizardry (right hand)
   (You found it on level 8 of the Dungeon)
Wands
 A - a wand of acid (2)
   (You found it on level 9 of the Dungeon)
 D - a wand of charming (6)
   (You took it off Harold on level 9 of the Dungeon)
 F - a wand of roots (8)
   (You found it on level 8 of the Dungeon)
 V - a wand of flame (23)
   (You found it on level 4 of the Dungeon)
Scrolls
 c - 4 scrolls of vulnerability
 d - a scroll of enchant armour
 i - a scroll of summoning
 j - 2 scrolls of fog {unknown}
 m - 2 scrolls of amnesia {unknown}
 o - a scroll of immolation
 p - 2 scrolls of poison
 q - 3 scrolls of fear {unknown}
 s - 2 scrolls of acquirement {unknown}
 z - a scroll of brand weapon {unknown}
 I - a scroll of enchant weapon
 T - 6 scrolls of teleportation
Potions
 a - a potion of cancellation
 f - 2 potions of attraction
 g - 7 potions of mutation
 l - 2 potions of flight {unknown}
 r - 3 potions of invisibility {unknown}
 x - 3 potions of might {unknown}
 B - a potion of brilliance {unknown}
 H - 3 potions of haste
 Q - 6 potions of curing


   Skills:
 + Level 10.0 Fighting
 - Level 12.0 Long Blades
 + Level 7.0 Dodging
 - Level 4.0 Spellcasting
 - Level 3.0 Conjurations
 - Level 1.7 Necromancy
 - Level 2.0 Translocations
 + Level 5.1 Evocations


You had 3 spell levels left.
You knew the following spells:

 Your Spells              Type           Power      Damage    Failure   Level
a - Kiss of Death         Conj/Necr      32%        2d7       3%          1
b - Momentum Strike       Conj/Tloc      18%        3d8       4%          2
c - Hailstorm             Conj/Ice       6%         3d4       13%         3
d - Chain Lightning       Conj/Air       3%         3d4       100%        9

Your spell library contained the following spells:

 Spells                   Type           Power      Damage    Failure   Level
 Foxfire                  Conj/Fire      24%        2x1d5     4%          1
 Kindle Blastsparks       Fire/Tloc/Air  8%         2d10      19%         3
 Ignite Poison            Fire/Tmut/Pois 2%         N/A       24%         3
 Anguish                  Hex/Necr       2%         N/A       47%         4
 Fireball                 Conj/Fire      3%         3d4       73%         5
 Freezing Cloud           Conj/Ice/Air   2%         6-21      80%         5
 Starburst                Conj/Fire      3%         6d3       99%         6
 Enfeeble                 Hex            1%         N/A       100%        7
 Fire Storm               Conj/Fire      3%         8d1       100%        9
 Shatter                  Erth           1%         3d5*      100%        9


Dungeon Overview and Level Annotations

Branches:
Dungeon (10/15) Zot: 26587  Temple (0/1) D:6           Sewer (visited)
Ossuary (visited)          Bailey (visited)
   Lair: D:8-11         Orc: D:9-12

Altars:
Cheibriados
Hepliaklqana
Qazlal
Sif Muna
Uskayaw

Shops:
D:6 *

Annotations:
D:4 Sigmund
D:7 1 exclusion
D:8 1 runed translucent door, sircluck's ghost, amateur HOFi
D:9 1 runed translucent door, exclusions: door and orange crystal statue
D:10 Josephine


Innate Abilities, Weirdness & Mutations

You can breathe blasts of noxious fumes.
Your lurid green scales are hard. (AC +7)
You cannot fit into any form of body armour.
Your system is resistant to poisons. (rPois)
You are cold-blooded and may be slowed by cold attacks.
You have large cloven feet.
You sometimes lose your temper in combat.
You are dopey. (Int -2)
You passively map a small area around you.


Message History

Your Evocations skill increases to level 5!
You need to enable at least one skill for training.
Calm down first, please.
Unknown command.
You start resting.
You are no longer berserk.
You are exhausted.
You feel yourself slow down.
You now have 62/99 hp.
You start resting.
You have got your breath back.
You start resting.
You feel yourself speed up.
You regained 11 hp, and now have 74/99 hp.
You start resting.
You recover from your berserk rage.
You regained 4 hp, and now have 78/99 hp.
v - 6 javelins;
D - a wand of charming (6)
You now have 679 gold pieces (gained 16).
Things that are here:
a +3 vampiric broad axe; a +0 ring mail; the orc corpse of Urug
J - a +3 vampiric broad axe HP restored.
Items here: )) [[.
Health restored: 99
t - 12 boomerangs (gained 2)
Things that are here:
a +0 club; a +0 leather armour; an orc corpse Josephine and 2 wraiths come into view.
Josephine is wielding a +0 dagger and wearing a +2 robe of positive energy.
Josephine shouts!
Search for what [Enter for "."]? .
Unknown command.
Unknown command.
Press: ? - help, . - travel You can't see that place. [the floor.]
Casting: Momentum Strike (safe; 4% risk of failure)
Confirm with . or Enter, or press ? or * to list all spells.
Casting: Hailstorm (dangerous; 13% risk of failure)
Press: ? - help, Dir - look around, f - activate A cannonade of hail descends around you!
The hail misses the wraith.
You now have 14/17 mp.
Casting: Hailstorm (dangerous; 13% risk of failure)
Confirm with . or Enter, or press ? or * to list all spells.
Casting: Hailstorm (dangerous; 13% risk of failure)
Press: ? - help, Dir - look around, f - activate A cannonade of hail descends around you!
The hail pelts the wraith!
The wraith partially resists.
The wraith is moderately damaged.
The hail pelts the wraith but does no damage.
You now have 12/17 mp.
You slash the wraith!
The wraith convulses!
You kick the wraith, but do no damage.
The wraith is severely damaged.
You barely miss the wraith. You kick the wraith.
The wraith is severely damaged.
The wraith hits you. The wraith drains your vigour!
You feel yourself slow down. The wraith completely misses you.
You take 5 damage, and have 94/99 hp.
Aiming: Breathe Noxious Fumes (3% risk of failure)
Press: ? - help, Shift-Dir - straight line, f - Josephine
Aim: Josephine, wielding a +0 dagger and wearing a +2 robe of positive energy (59% to hit)
You exhale a blast of noxious fumes.
The blast of choking fumes hits the wraith but does no damage.
The blast of choking fumes hits Josephine.
Josephine is lightly wounded.
The wraith hits you but does no damage. The wraith barely misses you.
Josephine is engulfed in noxious fumes.
Josephine screams, "I'll use your head as a decoration in my hut!"
You closely miss the wraith. You kick the wraith.
The wraith is severely damaged.
The wraith completely misses you. The wraith barely misses you.
The wraith misses you.
You slash Josephine! Your kick misses Josephine.
Josephine is lightly wounded.
The wraith closely misses you.
A wraith comes into view.
Josephine hits you with a +0 dagger. x2; The wraith completely misses you.
You take 5 damage, and have 90/99 hp.
You hit Josephine. Your kick misses Josephine.
Josephine is lightly wounded.
The wraith completely misses you. The wraith barely misses you.
A wraith comes into view.
Josephine hits you with a +0 dagger.
You take 5 damage, and have 85/99 hp.
You barely miss Josephine.
Josephine is lightly wounded.
You feel yourself speed up. The wraith completely misses you.
The wraith hits you. Josephine closely misses you. The wraith misses you.
Josephine misses you. The wraith barely misses you.
You take 3 damage, and have 82/99 hp.
MP restored: 17 You hit Josephine but do no damage.
Josephine is lightly wounded.
The wraith hits you but does no damage.
Josephine gestures at you while chanting.
The ghostly flame explodes!
The ghostly fireball engulfs you!!
You feel drained.
The ghostly fireball engulfs the wraith.
The wraith completely resists.
The ghostly fireball engulfs the wraith.
The wraith completely resists.
The ghostly fireball engulfs Josephine.
Josephine completely resists.
The ghostly fireball engulfs the wraith.
The wraith completely resists.
You take 19 damage, and have 63/95 hp.
You slash Josephine! Your kick misses Josephine.
Your tail-slap misses Josephine.
Josephine is moderately wounded.
The wraith misses you. The wraith closely misses you.
The wraith barely misses you. Josephine hits you with a +0 dagger!
You take 7 damage, and have 56/95 hp.
You slash Josephine!
Josephine is severely wounded.
The wraith hits you but does no damage. x2; The wraith hits you!
The wraith drains your vigour!
You feel yourself slow down. Josephine hits you with a +0 dagger.
You take 9 damage, and have 47/95 hp.
You hit Josephine. You kick Josephine, but do no damage.
Josephine is severely wounded.
The wraith hits you! The wraith drains your vigour!
You feel as though you will be slow longer.
The wraith closely misses you. The wraith hits you but does no damage.
Josephine hits you with a +0 dagger. The wraith misses you.
Josephine closely misses you. The wraith closely misses you.
The wraith hits you but does no damage.
You take 14 damage, and have 33/95 hp.
As you read the scroll of teleportation, it crumbles to dust.
You feel strangely unstable.
The wraith misses you. x2; The wraith hits you.
* * * LOW HITPOINT WARNING * * *
The wraith drains your vigour!
You feel as though you will be slow longer.
Josephine points at you and mumbles some strange words.
The ghostly flame explodes!
The ghostly fireball engulfs you!!
You feel drained.
* * * LOW HITPOINT WARNING * * *
The ghostly fireball engulfs the wraith.
The wraith completely resists.
The ghostly fireball engulfs the wraith.
The wraith completely resists.
The ghostly fireball engulfs Josephine.
Josephine completely resists.
The ghostly fireball engulfs the wraith.
The wraith completely resists.
The wraith barely misses you. Josephine hits you with a +0 dagger!
You die...

.....................#
............#........#
..........##.......##
..........###[......#
.........# ##......#
##......## ##......#
,, ##..### ###.W....##
#..#####..W@W...#
*#..#WW.###@W..##
#.@.#### #....# *#.###
#....# #.# ###.## #.#*
## #.# #..* ... #.


You could see Josephine and 4 wraiths.

Vanquished Creatures
  Harold (D:9)
  A two-headed ogre (Bailey)
  Urug (D:10)
  Pikel (D:5)
  Psyche (D:8)
  Prince Ribbit (D:6)
  A shadow (D:9)
  2 wyverns
  10 yaks
  5 spriggans (Bailey)
  Grum (D:8)
  3 steam dragons
  3 water moccasins
  Pargi (Sewer)
  An orc warrior (D:10)
  4 sky beasts
  6 ogres
  2 wolves (D:8)
  7 centaurs
  Blork the orc (D:4)
  2 elf zombies (Ossuary)
  3 bullfrogs
  2 necrophages
  2 scorpions (D:6)
  3 wights (D:6)
  6 killer bees (D:9)
  2 howler monkeys
  A hound (D:6)
  6 orc priests
  2 jellies
  A gnoll bouda (D:7)
  A human zombie (Ossuary)
  2 iguanas (D:6)
  10 orc wizards
  A hound zombie (Ossuary)
  5 mummies
  6 gnolls
  11 adders
  A shadow imp (D:7)
  2 white imps
  3 adder zombies (Ossuary)
  5 dart slugs
  32 orcs
  6 ball pythons
  10 endoplasms
  8 giant cockroaches
  A gnoll zombie (Ossuary)
  10 goblins
  8 hobgoblins
  4 jackals (D:2)
  9 kobolds
  6 quokkas
  5 bats
  3 frilled lizards
  2 goblin zombies (Ossuary)
  2 kobold zombies (Ossuary)
  2 rats
238 creatures vanquished.

Vanquished Creatures (others)
  An orc (D:8)
  4 fungi (D:8)
  3 plants
  A withered plant (D:2)
9 creatures vanquished.

Grand Total: 247 creatures vanquished

Notes
Turn   | Place    | Note
-------+----------+-------------------------------------------
     0 | D:1      | mdonais the Draconian Reaver began the quest for the Orb.
     0 | D:1      | Reached XP level 1. HP: 17/17 MP: 3/3
     0 | D:1      | Upgraded the game from 0.30-a0-726-gd89dcf765f to
                  | 0.30-a0-737-gf23d94013f
   143 | D:1      | Reached skill level 1 in Necromancy
   159 | D:1      | Reached XP level 2. HP: 17/22 MP: 3/5
   818 | D:1      | Learned a level 2 spell: Momentum Strike
   825 | D:2      | Reached XP level 3. HP: 11/11 MP: 4/6
  1082 | D:2      | Found a faded altar of an unknown god.
  1092 | D:2      | Prayed at the altar of an unknown god.
  1092 | D:2      | Became a worshipper of Sif Muna the Loreminder
  1092 | D:2      | Reached * piety under Sif Muna
  1142 | D:2      | Reached skill level 1 in Translocations
  1142 | D:2      | Reached XP level 4. HP: 11/27 MP: 2/7
  1269 | D:2      | Learned a level 3 spell: Hailstorm
  2007 | D:3      | Reached skill level 4 in Long Blades
  2118 | D:3      | Reached ** piety under Sif Muna
  2119 | D:3      | Reached XP level 5. HP: 37/39 MP: 8/8
  2243 | D:4      | Found a sand-covered staircase.
  2247 | Ossuary  | Entered an ossuary
  2249 | Ossuary  | Gained mutation: You passively map a small area around you.
                  | [potion of mutation]
  2249 | Ossuary  | Gained mutation: You are dopey. (Int -2) [potion of
                  | mutation]
  2249 | Ossuary  | Gained mutation: You sometimes lose your temper in combat.
                  | [potion of mutation]
  2249 | Ossuary  | Gained mutation: You have large cloven feet. [potion of
                  | mutation]
  2269 | Ossuary  | Reached XP level 6. HP: 52/52 MP: 9/9
  2517 | Ossuary  | Reached skill level 5 in Long Blades
  2877 | D:4      | Noticed Blork the orc
  2904 | D:4      | Killed Blork the orc
  3105 | D:4      | Noticed Sigmund
  3272 | D:4      | Found a snail-covered altar of Cheibriados.
  3672 | D:5      | Entered Level 5 of the Dungeon
  3672 | D:5      | Found a stormy altar of Qazlal.
  3673 | D:5      | Found a hazy altar of Hepliaklqana.
  3762 | D:5      | Noticed Pikel
  3829 | D:5      | Killed Pikel
  3830 | D:5      | Reached skill level 5 in Fighting
  3830 | D:5      | Reached skill level 7 in Long Blades
  3830 | D:5      | Your scales start taking on a lurid green colour.
  3830 | D:5      | Reached XP level 7. HP: 20/61 MP: 1/10
  3830 | D:5      | Gained mutation: Your system is resistant to poisons.
                  | (rPois) [Green Draconian growth]
  4213 | D:5      | Reached skill level 8 in Long Blades
  4213 | D:5      | Reached XP level 8. HP: 55/68 MP: 11/11
  4687 | D:6      | Noticed Prince Ribbit
  4912 | D:6      | Found a glowing drain.
  4942 | Sewer    | Entered a sewer
  5025 | Sewer    | Noticed Pargi
  5029 | Sewer    | Killed Pargi
  5122 | Sewer    | Reached *** piety under Sif Muna
  5365 | D:6      | Reached skill level 9 in Long Blades
  5425 | D:6      | Reached XP level 9. HP: 75/78 MP: 12/12
  5619 | D:6      | Found a staircase to the Ecumenical Temple.
  5645 | D:6      | Killed Prince Ribbit
  5646 | D:6      | Reached skill level 10 in Long Blades
  6029 | D:6      | Reached skill level 1 in Evocations
  6137 | D:6      | Found Amiociq's CLEARANCE SALE!.
  6145 | D:6      | Bought a potion of degeneration for 6 gold pieces
  6463 | D:7      | Found a hide-covered altar of Uskayaw.
  6726 | D:7      | Reached skill level 5 in Dodging
  7695 | D:8      | Noticed Grum
  7699 | D:8      | Killed Grum
  7707 | D:8      | Reached XP level 10. HP: 84/91 MP: 13/13
  7748 | D:8      | Noticed Psyche
  7764 | D:8      | Killed Psyche
  8078 | D:8      | Reached **** piety under Sif Muna
  8185 | D:8      | Found a runed translucent door.
  8186 | D:8      | Noticed sircluck's ghost (amateur HOFi)
  8191 | D:8      | Identified the +9 trident of the Poles {venom, Will+ rCorr
                  | Int+3}
  8288 | D:8      | Reached skill level 11 in Long Blades
  8895 | D:9      | Found a flagged portal.
  8918 | Bailey   | Entered a bailey
  9308 | Bailey   | Noticed a two-headed ogre
  9322 | Bailey   | Killed a two-headed ogre
  9322 | Bailey   | Reached ***** piety under Sif Muna
  9323 | Bailey   | Reached skill level 10 in Fighting
  9648 | D:9      | Received a gift from Sif Muna
  9679 | D:9      | Learned a level 9 spell: Chain Lightning
  9908 | D:9      | Found a runed translucent door.
  9916 | D:9      | Noticed an orange crystal statue
  9931 | D:9      | Found a runed translucent door.
  9946 | D:9      | Found a runed translucent door.
  9962 | D:9      | Found a runed translucent door.
  9968 | D:9      | Noticed Harold
 10174 | D:9      | Killed Harold
 10175 | D:9      | Reached XP level 11. HP: 99/99 MP: 16/16
 10577 | D:10     | Entered Level 10 of the Dungeon
 10578 | D:10     | Noticed a two-headed ogre
 10814 | D:10     | Noticed Urug
 10828 | D:10     | Killed Urug
 10829 | D:10     | Reached skill level 12 in Long Blades
 10829 | D:10     | Reached skill level 5 in Evocations
 10949 | D:10     | Noticed Josephine
 10972 | D:10     | HP: 3/90 [Josephine/ghostly fireball (25)]
 10972 | D:10     | Slain by Josephine

Illustrated notes

Levels and vault maps discovered:
D:1:      ncdulo_smallfort, layout_loops_cross
D:2:      layout_rooms, shapermc_ecumenical_altar_flowoftime
D:3:      layout_loops_ring
D:4:      layout_loops_ring, slow_altar_1,
          nicolae_ossuary_entry_false_entrances, nrook_mini_backslash,
          uniq_blork_the_orc, uniq_sigmund
D:5:      layout_basic, chequers_temple_overflow_statue_of_worship, uniq_pikel
D:6:      layout_loops_ring, minmay_temple_entry_tees, gup_sewer_entry_pipe,
          nicolae_shop_clearance, uniq_prince_ribbit1
D:7:      layout_loops_corners, old_standard_altar, due_unseen_surprise
D:8:      minmay_flawed_box, layout_basic, ebering_ghost_funeral_grove,
          nicolae_eternal_life, uniq_psyche, uniq_grum
D:9:      layout_roguey, enter_bailey_3, minmay_statue_crystal_thing,
          uniq_harold
D:10:     layout_cave_pods, erik_lair_orcish_takeover, erik_orc_1,
          uniq_josephine, uniq_urug, uniq_sonja

Skill      XL: |  1  2  3  4  5  6  7  8  9 10 11 |
---------------+----------------------------------+-----
Necromancy     | 1 |  1.7
Fighting       | 3 4 5 6 9 10 | 10.0
Translocations | 1 2 |  2.0
Long Blades    | 4 7 8 9 10 11 12 | 12.0
Dodging        | 2 3 4 5 6 7 |  7.0
Evocations     | 1 4 5 |  5.1
Spellcasting   | 3 4 |  4.0
Conjurations   | |  3.0

Action                     |  1- 3 |  4- 6 |  7- 9 | 10-12 || total
---------------------------+-------+-------+-------+-------++-------
  Melee: Falchion          |    87 |    29 |       |       ||   116
         Tailslap          |     8 |    24 |    25 |    21 ||    78
         Great sword       |       |   121 |   190 |   194 ||   505
         Kick              |       |    21 |    45 |    48 ||   114
  Throw: Dart              |       |     4 |     1 |    13 ||    18
         Throwing net      |       |     1 |       |       ||     1
         Boomerang         |       |       |     7 |     8 ||    15
   Cast: Kiss of Death     |     5 |       |       |       ||     5
         Momentum Strike   |     3 |     8 |     3 |     2 ||    16
         Hailstorm         |       |       |       |     3 ||     3
Ability: Breathe Noxious F |       |       |     7 |    13 ||    20
  Evoke: Wand              |       |       |       |     2 ||     2
    Use: Potion            |       |     8 |       |     2 ||    10
         Scroll            |       |     6 |     5 |     4 ||    15
   Stab: Sleeping          |       |     1 |     2 |       ||     3
         Confused          |       |       |     6 |     8 ||    14
         Paralysed         |       |       |       |     2 ||     2
 Armour: Skin              |    33 |   121 |    49 |    69 ||   272
  Dodge: Dodged            |    43 |   199 |   119 |   176 ||   537

Table legend: (Time is in decaauts)
 A = Elapsed time spent in this place.
 B = Non-inter-level travel time spent in this place.
 C = Inter-level travel time spent in this place.
 D = Time resting spent in this place.
 E = Time spent auto-exploring this place.
 F = Levels seen in this place.
 G = Mean time per level.
                   A        B        C        D        E       F      G
               +--------+--------+--------+--------+--------+-----+--------+
         Total |  11238 |  10907 |    331 |   1043 |   7315 |  13 |  864.5 |
       Dungeon |   9858 |   9527 |    331 |    581 |   6871 |  10 |  985.8 |
         Sewer |    196 |    196 |      0 |      0 |    141 |   1 |  196.0 |
       Ossuary |    548 |    548 |      0 |    171 |    236 |   1 |  548.0 |
        Bailey |    635 |    635 |      0 |    291 |     67 |   1 |  635.0 |
               +--------+--------+--------+--------+--------+-----+--------+

Top non-repeatable levels by time:
     D:7: 1473 daAuts
     D:8: 1385 daAuts
     D:6: 1232 daAuts
     D:5: 1172 daAuts
     D:9: 1036 daAuts
     D:4: 951 daAuts
     D:1: 938 daAuts
     D:2: 666 daAuts
     D:3: 637 daAuts
  Bailey: 635 daAuts
 Ossuary: 548 daAuts
    D:10: 365 daAuts
   Sewer: 196 daAuts
